 Dungeon Crawl Stone Soup version 0.22.1-1-ga44c0e5 (webtiles) character file.

51 Fang the Skirmisher (level 3, 0/36 HPs)
             Began as a Gargoyle Berserker on Nov 9, 2018.
             Was a Believer of Trog.
             Killed from afar by Sigmund (3 damage)
             ... with a magic dart
             ... on level 2 of the Dungeon.
             The game lasted 00:02:27 (1292 turns).

Fang the Skirmisher (Gargoyle Berserker)            Turns: 1292, Time: 00:02:28

Health: 0/36       AC: 12    Str: 26    XL:     3   Next: 83%
Magic:  3/3        EV:  9    Int:  7    God:    Trog [**....]
Gold:   137        SH:  0    Dex:  9    Spells: 2/2 levels left

rFire    . . .     SeeInvis .   a - +0 hand axe
rCold    . . .     Gourm    .   (no shield)
rNeg     + + .     Faith    .   d - +0 chain mail
rPois    ∞         Spirit   .   (no helmet)
rElec    +         Reflect  .   (no cloak)
rCorr    .         Harm     .   (no gloves)
MR       .....                  (no boots)
Stlth    ..........             (no amulet)
HPRegen  0.12/turn              f - ring of positive energy
MPRegen  0.08/turn              (no ring)

@: berserking, starving, very quick
A: negative energy resistance 1, electricity resistance, unbreathing,
petrification resistance, rot immunity, AC +3
a: Berserk, Trog's Hand, Renounce Religion


You were on level 2 of the Dungeon.
You worshipped Trog.
Trog was pleased with you.
You were starving.

You visited 1 branch of the dungeon, and saw 2 of its levels.

You collected 137 gold pieces.

Inventory:

Hand Weapons
 a - a +0 hand axe (weapon)
Armour
 d - a +0 chain mail (worn)
Jewellery
 f - a ring of positive energy (left hand)
Scrolls
 h - a scroll of remove curse {unknown}
 i - a scroll of enchant armour {unknown}
 l - 2 scrolls of teleportation {unknown}
 m - a scroll of identify {unknown}
 n - a scroll of enchant weapon {unknown}
Potions
 b - 3 potions of ambrosia {unknown}
 e - 3 potions of heal wounds {unknown}
 g - a potion of haste {unknown}
 j - 2 potions of curing {unknown}
 k - a potion of might {unknown}
Comestibles
 c - 2 rations


   Skills:
 + Level 3.8 Fighting
 + Level 3.5 Axes
 + Level 2.5 Armour
 + Level 1.8 Dodging
 + Level 0.1 Unarmed Combat


You had 2 spell levels left.
You didn't know any spells.
Your spell library was empty.

Dungeon Overview and Level Annotations

Branches:
Dungeon (2/15)

Altars:

Annotations:
D:2 Sigmund


Innate Abilities, Weirdness & Mutations

You are resistant to torment.
Your stone body is resilient. (AC +3)
You are immune to poison.
You resist negative energy. (rN+)
You are resistant to electric shocks. (rElec)
You can survive without breathing.
You are immune to petrification.
You are immune to rotting.


Message History

* * * LOW HITPOINT WARNING * * *
You hit something. Something hits you but does no damage.
You miss something. Something hits you but does no damage.
You hit something but do no damage. You miss something. Something hits you.
* * * LOW HITPOINT WARNING * * *
You miss something. Something hits you but does no damage.
You hit something but do no damage. Something hits you but does no damage.
A red film seems to cover your vision as you go berserk!
You feel yourself moving faster!
You feel mighty!
You are starving!
You closely miss something. Something hits you but does no damage.
You miss something. You closely miss something.
Something hits you but does no damage.
You barely miss something. You hit something.
You hear some strange, mumbled words.
A magic dart appears from out of thin air!
The magic dart hits you!
You die...

### ..# ...# #####...##
#........? #.......!.
###############..)......
.............# #{#
############.# #@#
##.###(# ##...##(#
...#####.....#.##
...............(#
#######
...#####.....#..#
#.....# ##.....#..#
#.###.# #.........# ##.#
#.# #.........#####..#
#.#


There were no monsters in sight!

Vanquished Creatures
  2 worms (D:2)
  2 leopard geckos
  3 bats
  3 giant cockroaches
  8 goblins
  6 hobgoblins
  2 jackals (D:1)
  8 kobolds
  2 frilled lizards (D:2)
  3 rats (D:1)
39 creatures vanquished.

Notes
Turn   | Place    | Note
-------+----------+-------------------------------------------
     0 | D:1      | Fang the Gargoyle Berserker began the quest for the Orb.
     0 | D:1      | Reached XP level 1. HP: 14/14 MP: 1/1
   294 | D:1      | Reached XP level 2. HP: 19/19 MP: 2/2
   475 | D:1      | Reached XP level 3. HP: 20/23 MP: 3/3
   551 | D:1      | Reached ** piety under Trog
  1268 | D:2      | Noticed Sigmund
  1292 | D:2      | Killed from afar by Sigmund

Skill      XL: |  1  2 |
---------------+-------+-----
Axes           | 3 |  3.5
Fighting       | |  3.8
Armour         | |  2.5
Dodging        | |  1.8
Unarmed Combat | |  0.1

Action                   || total
-------------------------++-------
Melee: Unarmed           ||    31
       Hand axe          ||   123
Invok: Berserk           ||     1
Armor: Chain mail        ||    79
Dodge: Dodged            ||    59
